| TOP OF THE 1ST |
|
San Francisco (APP) Giants batting - Pitching for Chicago (APP) Cubs : RHP Dwight Bean
|
|
Pitching: RHP Dwight Bean
|
|
|
Batting: RHB Bill Defazio
|
0-0: Called Strike 0-1: Swinging Strike 0-2: Ball 1-2: Foul Ball, location: 2F 1-2: Ball 2-2: Ball 3-2: Foul Ball, location: 2F 3-2: SINGLE (Groundball, 4M, EV 98.8 MPH) (infield hit)
|
|
Batting: SHB David Barona
|
0-0: Swinging Strike 0-1: Ball 1-1: Ball 2-1: Ball 3-1: Called Strike 3-2: Reached on error, E5 (Groundball, 56, EV 100.6 MPH) Bill Defazio to second
|
|
Batting: LHB Al Hernandez
|
0-0: Ball 1-0: Ball 2-0: Ball 3-0: Base on Balls Bill Defazio to third David Barona to second
|
|
Batting: RHB Teruhide Horiuchi
|
0-0: Ball 1-0: GRAND SLAM HOME RUN (Flyball, 7D, EV 99.4 MPH), Distance : 401 ft
|
|
Batting: RHB Edwin Verdugo
|
0-0: Called Strike 0-1: Ball 1-1: Ball 2-1: Ball 3-1: Base on Balls
|
|
Batting: RHB Ed Broomhead
|
0-0: Ball 1-0: Foul Ball, location: 2F 1-1: Grounds into double play, 4-6-3 (Groundball, 4, EV 87.5 MPH)
|
|
Batting: RHB David Andrews
|
0-0: Called Strike 0-1: Called Strike 0-2: Ball 1-2: Foul Ball, location: 2F 1-2: Ball 2-2: Strikes out swinging
|
| Top of the 1st over - 4 runs, 2 hits, 1 error, 0 left on base; San Francisco (APP) 4 - Chicago (APP) 0 |
| BOTTOM OF THE 1ST |
|
Chicago (APP) Cubs batting - Pitching for San Francisco (APP) Giants : RHP Rick Madden
|
|
Pitching: RHP Rick Madden
|
|
|
Batting: RHB Randy Schmitt
|
0-0: Called Strike 0-1: Ball 1-1: Swinging Strike 1-2: Ball 2-2: Ball 3-2: Foul Ball, location: 2F 3-2: Fly out, F9 (Flyball, 9D, EV 101.2 MPH)
|
|
Batting: SHB Andrew Baron
|
0-0: Ground out 1-3 (Groundball, 34S, EV 75.0 MPH)
|
|
Batting: RHB Tak-keung Chieu
|
0-0: Ground out 4-3 (Groundball, 4, EV 86.2 MPH)
|
| Bottom of the 1st over - 0 runs, 0 hits, 0 errors, 0 left on base; San Francisco (APP) 4 - Chicago (APP) 0 |
| TOP OF THE 2ND |
|
San Francisco (APP) Giants batting - Pitching for Chicago (APP) Cubs : RHP Dwight Bean
|
|
Batting: RHB Sadataka Kuwahara
|
0-0: Ball 1-0: Fly out, F8 (Line Drive, 8RM, EV 101.2 MPH)
|
|
Batting: RHB Alexis Andrade
|
0-0: Fly out, F7 (Flyball, 7, EV 86.9 MPH)
|
|
Batting: RHB Bill Defazio
|
0-0: Ball 1-0: Called Strike 1-1: SOLO HOME RUN (Flyball, 7LD, EV 98.8 MPH), Distance : 368 ft
|
|
Batting: SHB David Barona
|
0-0: Ball 1-0: Ball 2-0: Swinging Strike 2-1: Foul Ball, location: 2F 2-2: Strikes out swinging, 2-3 out at first.
|
| Top of the 2nd over - 1 run, 1 hit, 0 errors, 0 left on base; San Francisco (APP) 5 - Chicago (APP) 0 |
| BOTTOM OF THE 2ND |
|
Chicago (APP) Cubs batting - Pitching for San Francisco (APP) Giants : RHP Rick Madden
|
|
Batting: RHB Jake Mitchell
|
0-0: Foul Ball, location: 2F 0-1: Ground out 5-3 (Groundball, 5, EV 102.5 MPH)
|
|
Batting: RHB Julio Arteaga
|
0-0: Reached on error, E3 (Groundball, 34, EV 93.1 MPH)
|
|
Batting: RHB Jake Newman
|
0-0: Ball 1-0: Swinging Strike 1-1: Ball 2-1: Called Strike 2-2: Strikes out swinging
|
|
Batting: RHB Carlos Zavala
|
0-0: Ball 1-0: Fielders Choice at 2nd, 6-4 (Groundball, 6, EV 88.8 MPH)
|
| Bottom of the 2nd over - 0 runs, 0 hits, 1 error, 1 left on base; San Francisco (APP) 5 - Chicago (APP) 0 |
| TOP OF THE 3RD |
|
San Francisco (APP) Giants batting - Pitching for Chicago (APP) Cubs : RHP Dwight Bean
|
|
Batting: LHB Al Hernandez
|
0-0: Foul Ball, location: 2F 0-1: Ball 1-1: Foul Ball, location: 2F 1-2: Foul Ball, location: 2F 1-2: Fly out, F8 (Flyball, 8LM, EV 70.6 MPH)
|
|
Batting: RHB Teruhide Horiuchi
|
0-0: Hit by Pitch
|
|
Batting: RHB Edwin Verdugo
|
0-0: Ball 1-0: Foul Ball, location: 2F 1-1: Ball 2-1: Ball 3-1: Swinging Strike 3-2: Foul Ball, location: 2F 3-2: Strikes out swinging
|
|
Batting: RHB Ed Broomhead
|
0-0: DOUBLE (Line Drive, 9LM, EV 111.2 MPH) Teruhide Horiuchi to third Runner from 3rd tries for Home, SAFE, no throw by RF
|
|
Batting: RHB David Andrews
|
0-0: Foul Ball, location: 2F 0-1: Ground out U3 (Groundball, 3S, EV 80.0 MPH)
|
| Top of the 3rd over - 1 run, 1 hit, 0 errors, 1 left on base; San Francisco (APP) 6 - Chicago (APP) 0 |
| BOTTOM OF THE 3RD |
|
Chicago (APP) Cubs batting - Pitching for San Francisco (APP) Giants : RHP Rick Madden
|
|
Batting: LHB Arnaldo Cardamenho
|
0-0: Ball 1-0: Ball 2-0: Called Strike 2-1: Called Strike 2-2: SINGLE (Line Drive, 56, EV 95.0 MPH)
|
|
Batting: RHB Josh MacQueen
|
0-0: Bunted foul 0-1: Sac Bunt to 25 - play at first, batter OUT! 5-4 Arnaldo Cardamenho to second
|
|
Batting: RHB Randy Schmitt
|
0-0: Swinging Strike 0-1: Ball 1-1: SINGLE (Groundball, 5S, EV 68.1 MPH) (infield hit) Arnaldo Cardamenho to third
|
|
Batting: SHB Andrew Baron
|
0-0: Called Strike 0-1: Ball Passed Ball! Arnaldo Cardamenho scores Randy Schmitt to second 1-1: Foul Ball, location: 2F 1-2: Foul Ball, location: 2F 1-2: Ball 2-2: Ground out 4-3 (Groundball, 4, EV 103.1 MPH) Randy Schmitt to third
|
|
Batting: RHB Tak-keung Chieu
|
0-0: Ground out 6-3 (Groundball, 6, EV 102.5 MPH)
|
| Bottom of the 3rd over - 1 run, 2 hits, 0 errors, 1 left on base; San Francisco (APP) 6 - Chicago (APP) 1 |
| TOP OF THE 4TH |
|
San Francisco (APP) Giants batting - Pitching for Chicago (APP) Cubs : RHP Dwight Bean
|
|
Batting: RHB Sadataka Kuwahara
|
0-0: Called Strike 0-1: Ball 1-1: Swinging Strike 1-2: Ball 2-2: Foul Ball, location: 2F 2-2: Ball 3-2: Strikes out looking
|
|
Batting: RHB Alexis Andrade
|
0-0: SINGLE (Groundball, 6D, EV 103.1 MPH)
|
|
Batting: RHB Bill Defazio
|
0-0: Fielders Choice at 2nd, 5-4 (Groundball, 56, EV 86.9 MPH)
|
|
Batting: SHB David Barona
|
0-0: Ball Bill Defazio steals 2nd base 1-0: Ball 2-0: Called Strike 2-1: Foul Ball, location: 2F 2-2: Strikes out looking
|
| Top of the 4th over - 0 runs, 1 hit, 0 errors, 1 left on base; San Francisco (APP) 6 - Chicago (APP) 1 |
| BOTTOM OF THE 4TH |
|
Chicago (APP) Cubs batting - Pitching for San Francisco (APP) Giants : RHP Rick Madden
|
|
Batting: RHB Jake Mitchell
|
0-0: Ball 1-0: Foul Ball, location: 2F 1-1: Ball 2-1: Ground out 6-3 (Groundball, 6, EV 84.4 MPH)
|
|
Batting: RHB Julio Arteaga
|
0-0: Ball 1-0: Ball 2-0: DOUBLE (Line Drive, 7LM, EV 106.9 MPH)
|
|
Batting: RHB Jake Newman
|
0-0: Ball 1-0: Called Strike 1-1: Swinging Strike 1-2: Ball 2-2: Foul Ball, location: 2F 2-2: Strikes out looking
|
|
Batting: RHB Carlos Zavala
|
0-0: Foul Ball, location: 2F 0-1: Ball 1-1: Ground out 6-3 (Groundball, 6, EV 100.6 MPH)
|
| Bottom of the 4th over - 0 runs, 1 hit, 0 errors, 1 left on base; San Francisco (APP) 6 - Chicago (APP) 1 |
| TOP OF THE 5TH |
|
San Francisco (APP) Giants batting - Pitching for Chicago (APP) Cubs : RHP Dwight Bean
|
|
Batting: LHB Al Hernandez
|
0-0: Ball 1-0: Ball 2-0: Foul Ball, location: 2F 2-1: Ball 3-1: Reached on error, E4 (Groundball, 4, EV 83.1 MPH)
|
|
Batting: RHB Teruhide Horiuchi
|
0-0: Called Strike 0-1: Fly out, F8 (Line Drive, 8RM, EV 92.5 MPH)
|
|
Batting: RHB Edwin Verdugo
|
0-0: Called Strike 0-1: Ball 1-1: Ball 2-1: SINGLE (Groundball, 6MD, EV 91.2 MPH) (infield hit) Al Hernandez to second
|
|
Batting: RHB Ed Broomhead
|
0-0: Ball 1-0: Foul Ball, location: 2F 1-1: Foul Ball, location: 2F 1-2: Foul Ball, location: 2F 1-2: Strikes out swinging
|
|
Batting: RHB David Andrews
|
0-0: Ball 1-0: Ball 2-0: Ground out 4-3 (Groundball, 4, EV 101.2 MPH)
|
| Top of the 5th over - 0 runs, 1 hit, 1 error, 2 left on base; San Francisco (APP) 6 - Chicago (APP) 1 |
| BOTTOM OF THE 5TH |
|
Chicago (APP) Cubs batting - Pitching for San Francisco (APP) Giants : RHP Rick Madden
|
|
Batting: LHB Arnaldo Cardamenho
|
0-0: Called Strike 0-1: Ball 1-1: Ground out 3-1 (Groundball, 34, EV 101.2 MPH)
|
|
Batting: RHB Josh MacQueen
|
0-0: Called Strike 0-1: Ball 1-1: Ball 2-1: Foul Ball, location: 2F 2-2: Strikes out swinging
|
|
Batting: RHB Randy Schmitt
|
0-0: Foul Ball, location: 2F 0-1: Ground out 1-3 (Groundball, 13S, EV 74.4 MPH)
|
| Bottom of the 5th over - 0 runs, 0 hits, 0 errors, 0 left on base; San Francisco (APP) 6 - Chicago (APP) 1 |
| TOP OF THE 6TH |
|
San Francisco (APP) Giants batting - Pitching for Chicago (APP) Cubs : RHP Dwight Bean
|
|
Batting: RHB Sadataka Kuwahara
|
0-0: Ball 1-0: Ground out 4-3 (Groundball, 34, EV 88.1 MPH)
|
|
Batting: RHB Alexis Andrade
|
0-0: Ball 1-0: Called Strike 1-1: Ball 2-1: Foul Ball, location: 2F 2-2: Ball 3-2: Base on Balls
|
|
Batting: RHB Bill Defazio
|
0-0: Ball 1-0: Called Strike 1-1: Swinging Strike 1-2: Fielders Choice at 2nd, 6-4 (Groundball, 6, EV 85.6 MPH)
|
|
Batting: SHB David Barona
|
0-0: Ball Bill Defazio steals 2nd base 1-0: SINGLE (Line Drive, 9S, EV 106.2 MPH) Bill Defazio to third Throwing error, E9 Bill Defazio scores David Barona to second
|
|
Pitching: LHP Eddie Panagos
|
|
|
Batting: LHB Al Hernandez
|
0-0: Ball 1-0: Called Strike 1-1: Ball 2-1: Foul Ball, location: 2F 2-2: Strikes out swinging
|
| Top of the 6th over - 1 run, 1 hit, 1 error, 1 left on base; San Francisco (APP) 7 - Chicago (APP) 1 |
| BOTTOM OF THE 6TH |
|
Chicago (APP) Cubs batting - Pitching for San Francisco (APP) Giants : RHP Rick Madden
|
|
Batting: SHB Andrew Baron
|
0-0: Foul Ball, location: 2F 0-1: Ball 1-1: Foul Ball, location: 2F 1-2: Single, Error in OF, E7, batter to second base (Line Drive, 5D, EV 96.9 MPH)
|
|
Batting: RHB Tak-keung Chieu
|
0-0: Reached on error, E5 (Groundball, 56, EV 84.4 MPH) Andrew Baron to third
|
|
Batting: RHB Jake Mitchell
|
0-0: Ball 1-0: Foul Ball, location: 2F 1-1: Ball 2-1: Swinging Strike 2-2: Fly out, F8 (Flyball, 89M, EV 86.9 MPH)
|
|
Batting: RHB Julio Arteaga
|
0-0: Called Strike 0-1: Ball 1-1: SINGLE (Line Drive, 89S, EV 99.4 MPH) Andrew Baron scores Tak-keung Chieu to second
|
|
Pitching: LHP Jack Klein
|
|
|
Batting: RHB Jake Newman
|
0-0: Called Strike 0-1: Grounds into double play, 1-6-3 (Groundball, 34S, EV 73.1 MPH)
|
| Bottom of the 6th over - 1 run, 2 hits, 2 errors, 1 left on base; San Francisco (APP) 7 - Chicago (APP) 2 |
| TOP OF THE 7TH |
|
San Francisco (APP) Giants batting - Pitching for Chicago (APP) Cubs : LHP Eddie Panagos
|
|
Batting: RHB Teruhide Horiuchi
|
0-0: Called Strike 0-1: Ball 1-1: Foul Ball, location: 2F 1-2: Foul Ball, location: 2F 1-2: Foul Ball, location: 2F 1-2: Ball 2-2: Ball 3-2: SINGLE (Groundball, 5S, EV 94.4 MPH)
|
|
Batting: RHB Edwin Verdugo
|
0-0: Ground out 3-1 (Groundball, 34S, EV 61.2 MPH) Teruhide Horiuchi to second
|
|
Batting: RHB Ed Broomhead
|
0-0: Ground out 6-3 (Groundball, 6, EV 103.1 MPH)
|
|
Batting: RHB David Andrews
|
0-0: Ball 1-0: Foul Ball, location: 2F 1-1: DOUBLE (Flyball, 78XD, EV 100.6 MPH) Teruhide Horiuchi scores
|
|
Pitching: RHP Rob Craft
|
|
|
Batting: RHB Sadataka Kuwahara
|
0-0: Ball 1-0: Swinging Strike 1-1: Ball 2-1: Called Strike 2-2: Ground out 6-3 (Groundball, P, EV 85.0 MPH)
|
| Top of the 7th over - 1 run, 2 hits, 0 errors, 1 left on base; San Francisco (APP) 8 - Chicago (APP) 2 |
| BOTTOM OF THE 7TH |
|
Chicago (APP) Cubs batting - Pitching for San Francisco (APP) Giants : LHP Jack Klein
|
|
Batting: RHB Carlos Zavala
|
0-0: Called Strike 0-1: Foul Ball, location: 2F 0-2: Strikes out swinging
|
|
Batting: LHB Arnaldo Cardamenho
|
0-0: Called Strike 0-1: Foul Ball, location: 2F 0-2: Strikes out swinging
|
|
Batting: RHB Josh MacQueen
|
0-0: Called Strike 0-1: Hit by Pitch
|
|
Batting: RHB Randy Schmitt
|
0-0: Ball 1-0: Hit by Pitch Josh MacQueen to second
|
|
Batting: SHB Andrew Baron
|
0-0: Swinging Strike 0-1: Ball 1-1: Ball 2-1: Ball 3-1: Base on Balls Josh MacQueen to third Randy Schmitt to second
|
|
Batting: RHB Tak-keung Chieu
|
0-0: Ball 1-0: Ball 2-0: Fly out, F8 (Flyball, 78M, EV 87.5 MPH)
|
| Bottom of the 7th over - 0 runs, 0 hits, 0 errors, 3 left on base; San Francisco (APP) 8 - Chicago (APP) 2 |
| TOP OF THE 8TH |
|
San Francisco (APP) Giants batting - Pitching for Chicago (APP) Cubs : RHP Rob Craft
|
|
Batting: RHB Alexis Andrade
|
0-0: Called Strike 0-1: Ground out 6-3 (Groundball, 6, EV 109.4 MPH)
|
|
Batting: RHB Bill Defazio
|
0-0: Called Strike 0-1: Called Strike 0-2: Ball 1-2: Strikes out swinging
|
|
Batting: SHB David Barona
|
0-0: Called Strike 0-1: Foul Ball, location: 2F 0-2: Ball 1-2: Ball 2-2: Ball 3-2: Base on Balls
|
|
Batting: LHB Al Hernandez
|
0-0: Ball 1-0: Called Strike 1-1: Called Strike 1-2: Fielders Choice at 2nd, 5-4 (Groundball, 56, EV 87.5 MPH)
|
| Top of the 8th over - 0 runs, 0 hits, 0 errors, 1 left on base; San Francisco (APP) 8 - Chicago (APP) 2 |
| BOTTOM OF THE 8TH |
|
Chicago (APP) Cubs batting - Pitching for San Francisco (APP) Giants : LHP Jack Klein
|
|
Batting: RHB Jake Mitchell
|
0-0: Ball 1-0: Foul Ball, location: 2F 1-1: DOUBLE (Line Drive, 5D, EV 97.5 MPH)
|
|
Batting: RHB Julio Arteaga
|
0-0: Foul Ball, location: 2F 0-1: Foul Ball, location: 2F 0-2: Ball 1-2: Strikes out swinging
|
|
Batting: RHB Jake Newman
|
0-0: Ground out 6-3 (Groundball, 56, EV 104.4 MPH)
|
|
Batting: RHB Carlos Zavala
|
0-0: Fly out, F6 (Line Drive, 6, EV 72.5 MPH)
|
| Bottom of the 8th over - 0 runs, 1 hit, 0 errors, 1 left on base; San Francisco (APP) 8 - Chicago (APP) 2 |
| TOP OF THE 9TH |
|
San Francisco (APP) Giants batting - Pitching for Chicago (APP) Cubs : RHP Rob Craft
|
|
Pitching: RHP Ryan Masterson
|
|
|
Batting: RHB Teruhide Horiuchi
|
0-0: Ground out 3-1 (Groundball, 34S, EV 88.1 MPH)
|
|
Batting: RHB Edwin Verdugo
|
0-0: Ball 1-0: Ball 2-0: Ball 3-0: Called Strike 3-1: SINGLE (Line Drive, 7S, EV 91.9 MPH)
|
|
Batting: RHB Ed Broomhead
|
0-0: Ball 1-0: Hit by Pitch Edwin Verdugo to second
|
|
Batting: RHB David Andrews
|
0-0: Ball 1-0: Foul Ball, location: 2F 1-1: Called Strike 1-2: Foul Ball, location: 2F 1-2: Ball 2-2: Ball 3-2: Base on Balls Edwin Verdugo to third Ed Broomhead to second
|
|
Batting: RHB Sadataka Kuwahara
|
0-0: Swinging Strike 0-1: Called Strike 0-2: Foul Ball, location: 2F 0-2: Strikes out swinging
|
|
Pitching: RHP Karl Stuart
|
|
|
Batting: RHB Alexis Andrade
|
0-0: Called Strike 0-1: Ball 1-1: Foul Ball, location: 2F 1-2: Ball 2-2: Ball 3-2: Foul Ball, location: 2F 3-2: Foul Ball, location: 2F 3-2: Foul Ball, location: 2F 3-2: Base on Balls Edwin Verdugo scores Ed Broomhead to third David Andrews to second
|
|
Batting: RHB Bill Defazio
|
0-0: Foul Ball, location: 2F 0-1: Called Strike 0-2: Ball 1-2: Strikes out swinging
|
| Top of the 9th over - 1 run, 1 hit, 0 errors, 3 left on base; San Francisco (APP) 9 - Chicago (APP) 2 |
| BOTTOM OF THE 9TH |
|
Chicago (APP) Cubs batting - Pitching for San Francisco (APP) Giants : LHP Jack Klein
|
|
Batting: LHB Arnaldo Cardamenho
|
0-0: Ball 1-0: Foul Ball, location: 2F 1-1: Ball 2-1: Called Strike 2-2: Foul Ball, location: 2F 2-2: Strikes out swinging
|
|
Batting: RHB Josh MacQueen
|
0-0: Ball 1-0: Called Strike 1-1: Ground out 5-3 (Groundball, 56S, EV 85.6 MPH)
|
|
Batting: RHB Randy Schmitt
|
0-0: Called Strike 0-1: Fly out, F9 (Flyball, 9D, EV 91.9 MPH)
|
| Bottom of the 9th over - 0 runs, 0 hits, 0 errors, 0 left on base; San Francisco (APP) 9 - Chicago (APP) 2 |
|